 Dungeon Crawl Stone Soup version 0.15-a0-1646-g393eda0 (webtiles) character file.

54998 Kenran the Bludgeoner (level 14, 0/88 HPs)
             Began as a Gargoyle Fighter on June 22, 2014.
             Was a High Priest of Okawaru.
             Killed from afar by a starcursed mass (8 damage)
             ... with an accursed screaming
             ... on Level 1 of the Abyss.
             The game lasted 01:58:03 (29214 turns).

Kenran the Bludgeoner (Gargoyle Fighter)           Turns: 29214, Time: 01:58:03

HP   0/88        AC 43     Str 21      XL: 14   Next: 75%
MP  14/14        EV  6     Int 12      God: Okawaru [*****.]
Gold 433         SH  0     Dex 15      Spells:  0 memorised, 13 levels left

rFire  . . .     SeeInvis +     E - +4 great mace (crush)
rCold  + . .     Clarity  .     l - +3 plate armour
rNeg   + . .     rCorr    .     (no shield)
rPois  +         rRot     +     b - +0 helmet of Focus {Str+1 Slay+3}
rElec  +         Spirit   .     B - +0 cloak
SustAb .         Warding  .     k - +2 pair of gloves
rMut   .         Stasis   .     O - +3 pair of boots of the Gloaming {SInv}
Gourm  +                        f - cursed amulet of the gourmand
MR     +....                    z - ring of protection from cold
                                r - +5 ring of protection

@: flying, somewhat resistant to hostile enchantments, extremely unstealthy
A: able to fly continuously, large and strong wings, agile 1, clever 1, life
protection 1, electricity resistance, unbreathing, petrification resistance, rot
immunity, AC +9
a: Stop Flying, Heroism, Finesse, Renounce Religion


You were on level 1 of the Abyss.
You worshipped Okawaru.
Okawaru was extremely pleased with you.
You were not hungry.

You visited 5 branches of the dungeon, and saw 25 of its levels.
You visited the Abyss 1 time.
You also visited: Bailey.

You collected 1906 gold pieces.
You spent 1473 gold pieces at shops.

Inventory:

Hand weapons
 n - the +5 flail "Alalirph" {crush, rElec rF- MR++ Str-1}
   (Okawaru gifted it to you on level 2 of the Orcish Mines)

   It inflicts extra damage upon your enemies.
   It affects your strength (-1).
   It makes you vulnerable to fire.
   It insulates you from electricity.
   It affects your resistance to hostile enchantments.
 y - a +2 mace of protection
 D - a +1 eveningstar of crushing
 E - a +4 great mace of crushing (weapon)
 F - the +0 dire flail of Freehold {flame, +Rage rPois}
   (You acquired it on level 12 of the Dungeon)

   It emits flame when wielded, causing extra injury to most foes and up to
   double damage against particularly susceptible opponents.
   It protects you from poison.
   It lets you go berserk.
Armour
 b - the +0 helmet of Focus (worn) {Str+1 Slay+3}
   (Okawaru gifted it to you on level 5 of the Lair of Beasts)

   It affects your strength (+1).
   It affects your accuracy and damage with ranged weapons and melee attacks
   (+3).
 c - a +0 shield
 k - a +2 pair of gloves (worn)
 l - a +3 plate armour (worn)
 B - a +0 cloak (worn)
 O - the +3 pair of boots of the Gloaming (worn) {SInv}
   (You bought it in a shop on level 9 of the Dungeon)

   It enhances your eyesight.
 V - the +2 pair of boots of the Poles {rElec Int+3}
   (You found it on level 4 of the Lair of Beasts)

   It affects your intelligence (+3).
   It insulates you from electricity.
Magical devices
 i - a wand of fireball (3) {unknown}
 C - a wand of fireball (3) {unknown}
Comestibles
 d - 16 bread rations
 H - 5 meat rations
 J - 3 fruits
Scrolls
 a - 2 scrolls of identify
 G - a scroll of enchant armour
 I - 2 scrolls of amnesia
 L - 2 scrolls of recharging
 N - a scroll of enchant weapon
 T - 2 scrolls of fog
 X - 2 scrolls of teleportation
 Y - a scroll of fear
 Z - 3 scrolls of remove curse
Jewellery
 f - a cursed amulet of the gourmand (around neck)
 j - an uncursed ring of stealth
 m - an uncursed amulet of warding
 o - an uncursed ring of protection from fire {unknown}
 q - an uncursed ring of fire {unknown}
 r - a +5 ring of protection (left hand)
 z - a ring of protection from cold (right hand)
 A - an uncursed amulet of faith
Potions
 e - 4 potions of might
 g - 3 potions of haste
 h - 2 potions of curing
 s - a potion of magic
 t - 2 potions of brilliance
 u - a potion of invisibility
 v - 3 potions of restore abilities
 w - 2 potions of berserk rage {unknown}
 K - a potion of flight {unknown}
 M - a potion of lignification {unknown}
 R - 2 potions of paralysis {unknown}
Books
 x - a book of Callings

   Spells                             Type                      Level
   Summon Small Mammal                Summoning                    1
   Call Imp                           Summoning                    2
   Call Canine Familiar               Summoning                    3
   Summon Guardian Golem              Hexes/Summoning              4
   Summon Lightning Spire             Summoning/Air                4
   Summon Ice Beast                   Ice/Summoning                4


   Skills:
 - Level 10.5 Fighting
 + Level 20.1 Maces & Flails
 - Level 11.0 Armour
 - Level 3.2 Shields


You had 13 spell levels left.
You didn't know any spells.

Dungeon Overview and Level Annotations

Branches:
Dungeon (14/15)            Temple (1/1) D:5             Orc (3/4) D:9
   Lair (6/8) D:9          Shoals (0/5) Lair:5        Snake (1/5) Lair:3
    Elf: Orc:3-4      Slime: Lair:6-8    Vaults: D:13-14

Altars:
Ashenzari
Cheibriados
Dithmenos
Elyvilon
Fedhas
Gozag
Kikubaaqudgha
Makhleb
Nemelex Xobeh
Okawaru
Qazlal
Sif Muna
Trog
Vehumet
Xom
Yredelemnul
Zin
The Shining One

Shops:
D:4 %   D:8 *   D:9 [[(*   D:11 (   D:12 ?   Orc:1 }   Orc:2 *

Annotations:
D:6 Decloudo's ghost, experienced DsEE
D:14 Sonja
Orc:3 Erolcha


Innate Abilities, Weirdness & Mutations

You are resistant to torment.
You are immune to poison.
You can fly continuously.
Your stone body is very resilient (AC +9).
Your wings are large and strong.
You resist negative energy.
You are resistant to electric shocks.
You can survive without breathing.
You are immune to petrification.
You are immune to rotting.
You are agile. (Dex +2)
Your mind is acute. (Int +2)


Message History

A starcursed mass splits.
You sock the spatial maelstrom!
The spatial maelstrom is moderately damaged.
The spatial maelstrom hits you but does no damage.
The spatial maelstrom hits you. Space warps horribly around you!
You sock the spatial maelstrom!
The spatial maelstrom is severely damaged.
The spatial maelstrom hits you but does no damage.
The spatial maelstrom barely misses you.
A chorus of shrieks assaults your mind.
* * * LOW HITPOINT WARNING * * *
You sock the spatial maelstrom!
The spatial maelstrom is almost destroyed.
The spatial maelstrom hits you but does no damage.
The spatial maelstrom hits you!
* * * LOW HITPOINT WARNING * * *
Space bends around you.
* * * LOW HITPOINT WARNING * * *
A chorus of shrieks assaults your mind.
You die...

#. #.# ...## ....
#.#....#
..#..##..#X#.##
.#.(...#......#
.#....?.#X#..##
..#.#..#..## #.XX
#....#....######.
. #..vZ.#
#...#.@##......
....v............
.....##...Z..##
..... #......#
.... .........
... ........
.###... .# #.


You could see 2 starcursed masses, a spatial maelstrom, a spatial vortex, a
ghost moth zombie and a troll skeleton.

Vanquished Creatures
  Rupert (Lair:4)
  An ophan (Abyss:1)
  Snorg (Lair:3)
  A rakshasa (Abyss:1)
  Harold (Lair:2)
  2 hydras
  An anaconda (Snake:1)
  A soul eater (Abyss:1)
  2 naga sharpshooters (Snake:1)
  A shadow wraith (Abyss:1)
  A wretched star (Abyss:1)
  A catoblepas (D:13)
  A large abomination (Abyss:1)
  Pikel (D:7)
  4 hill giants
  2 orc knights
  A necromancer (D:9)
  3 griffons
  A cyclops (D:11)
  An elephant (Lair:6)
  A black mamba (Lair:4)
  A sixfirhy (Abyss:1)
  Maurice (D:8)
  6 spiny frogs
  A mermaid (Lair:5)
  3 gargoyles
  2 torpor snails
  A feature mimic (D:12)
  4 fire drakes
  8 komodo dragons
  A centaur zombie (D:13)
  3 trolls
  3 ancient zymes (Abyss:1)
  2 merfolk (Lair:5)
  10 slime creatures
  Prince Ribbit (D:8)
  A hydra skeleton (D:11)
  9 blink frogs
  A shadow (D:12)
  A wyvern (Lair:5)
  2 air elementals (Abyss:1)
  4 ugly things (D:13)
  35 yaks
  A deep elf mage (D:10)
  2 hungry ghosts
  2 wraiths (D:13)
  A ynoxinul (Abyss:1)
  4 vampire mosquitoes (D:13)
  The ghost of Somebody the Poker, an average HOGl of Beogh (D:3)
  A hill giant skeleton (D:9)
  10 hippogriffs
  6 wolves (Lair:2)
  2 mottled dragons
  Menkaure (D:6)
  3 soldier ants
  2 wargs (D:9)
  4 small abominations (Abyss:1)
  10 porcupines
  6 ice beasts
  2 phantoms
  13 water moccasins
  4 nagas
  17 orc warriors
  2 yellow wasps
  A black bear (D:4)
  A slave (D:7)
  5 centaurs
  A sky beast (D:10)
  14 ogres
  6 crocodiles
  3 big kobolds
  22 giant frogs
  A cyclops zombie (D:13)
  10 wights
  A troll zombie (D:9)
  8 scorpions
  A yak skeleton (D:11)
  A tengu skeleton (D:13)
  4 crimson imps
  10 hounds
  An electric eel (Lair:6)
  3 quasits
  2 goliath beetles
  3 big fish
  A jelly (D:10)
  15 orc priests
  A giant frog skeleton (D:12)
  17 orc wizards
  10 worker ants
  A gnoll shaman (D:5)
  12 iguanas
  3 polar bear simulacra (D:9)
  2 wolf simulacra (D:9)
  20 sheep
  A yak simulacrum (D:9)
  2 mummies
  24 gnolls
  77 green rats
  3 orc zombies
  20 adders
  2 inept item mimics
  A shadow imp (D:5)
  2 giant mites
  3 worms
  An ufetubus (Abyss:1)
  An adder zombie (D:6)
  An adder skeleton (D:5)
  An iguana skeleton (D:9)
  8 giant geckos
  An ooze (D:5)
  101 orcs
  A ball python (D:4)
  23 hobgoblins
  7 jackals
  23 kobolds
  16 quokkas
  18 bats
  10 giant cockroaches
  2 giant newts
  A giant newt skeleton (D:4)
  15 goblins
  3 green rat simulacra (D:9)
  A hobgoblin zombie (D:5)
  2 kobold skeletons
  An orc skeleton (D:10)
  15 rats
  6 ballistomycetes
796 creatures vanquished.

Vanquished Creatures (others)
  A small abomination (Abyss:1)
  4 giant spores
  3 fungi
  2 starspawn tentacles (Abyss:1)
  2 starspawn tentacle segments (Abyss:1)
  10 toadstools (D:6)
22 creatures vanquished.

Grand Total: 818 creatures vanquished

Notes
Turn   | Place    | Note
--------------------------------------------------------------
     0 | D:1      | Kenran, the Gargoyle Fighter, began the quest for the Orb.
     0 | D:1      | Reached XP level 1. HP: 14/14 MP: 1/1
   220 | D:1      | Reached XP level 2. HP: 19/19 MP: 2/2
   974 | D:2      | Reached XP level 3. HP: 23/23 MP: 3/3
  1203 | D:2      | Found a white marble altar of Elyvilon.
  1223 | D:2      | Reached skill level 4 in Maces & Flails
  1268 | D:2      | Reached XP level 4. HP: 17/28 MP: 4/4
  1735 | D:3      | Noticed Somebody's ghost (average HOGl)
  2168 | D:4      | Reached skill level 5 in Maces & Flails
  2168 | D:4      | Reached XP level 5. HP: 29/32 MP: 5/5
  2462 | D:4      | Found Avusokliy's Food Emporium.
  2554 | D:4      | Noticed an ogre
  2581 | D:4      | Killed an ogre
  2581 | D:4      | Reached skill level 6 in Maces & Flails
  2581 | D:4      | Reached XP level 6. HP: 13/37 MP: 6/6
  2824 | D:4      | Noticed an ogre
  2825 | D:4      | Noticed a black bear
  3190 | D:3      | Killed Somebody's ghost
  3190 | D:3      | Reached skill level 7 in Maces & Flails
  3541 | D:3      | Reached XP level 7. HP: 39/41 MP: 7/7
  3771 | D:4      | Noticed an ogre
  3778 | D:4      | Killed an ogre
  3785 | D:4      | Noticed a hippogriff
  3802 | D:4      | Killed a hippogriff
  3802 | D:4      | Reached skill level 8 in Maces & Flails
  3980 | D:4      | Killed a black bear
  4289 | D:4      | Killed an ogre
  4289 | D:4      | Reached skill level 9 in Maces & Flails
  4289 | D:4      | Reached XP level 8. HP: 46/46 MP: 8/8
  4719 | D:5      | Entered Level 5 of the Dungeon
  4911 | D:5      | Reached skill level 10 in Maces & Flails
  4990 | D:5      | Found a staircase to the Ecumenical Temple.
  4998 | Temple   | Entered the Ecumenical Temple
  5042 | Temple   | Became a worshipper of Warmaster Okawaru
  5869 | D:5      | Reached skill level 11 in Maces & Flails
  5974 | D:6      | Noticed Menkaure
  6013 | D:6      | Killed Menkaure
  6013 | D:6      | Reached XP level 9. HP: 19/51 MP: 9/9
  6331 | D:6      | Noticed Decloudo's ghost (experienced DsEE)
  6748 | D:6      | Acquired Okawaru's first power
  6748 | D:6      | Reached skill level 12 in Maces & Flails
  6961 | D:6      | Found a blossoming altar of Fedhas.
  7958 | D:7      | Noticed Pikel
  7977 | D:7      | Killed Pikel
  7977 | D:7      | Reached skill level 13 in Maces & Flails
  7977 | D:7      | Reached XP level 10. HP: 56/56 MP: 8/10
  8252 | D:8      | Found Madgh's General Store.
  8271 | D:8      | Bought a scroll of identify for 32 gold pieces
  8271 | D:8      | Bought a scroll of identify for 32 gold pieces
  8271 | D:8      | Bought a scroll of identify for 32 gold pieces
  8845 | D:8      | Reached skill level 14 in Maces & Flails
  9002 | D:8      | Noticed Prince Ribbit
  9031 | D:8      | Killed Prince Ribbit
  9214 | D:8      | Noticed Maurice
  9254 | D:8      | Killed Maurice
  9720 | D:9      | Found Chuat's Antique Armour Emporium.
  9728 | D:9      | Bought a pair of steaming boots for 313 gold pieces
  9765 | D:9      | Found a staircase to the Lair.
 10167 | D:9      | Found Zuguz's Assorted Antiques.
 10256 | D:9      | Reached skill level 15 in Maces & Flails
 10273 | D:9      | Found Noykaod's Antique Weapon Shoppe.
 10410 | D:9      | Found Caecrael's Antique Armour Boutique.
 10478 | D:9      | Found a staircase to the Orcish Mines.
 10686 | D:9      | Noticed a necromancer
 10707 | D:9      | Killed a necromancer
 10707 | D:9      | Reached skill level 5 in Armour
 10913 | D:9      | Reached XP level 11. HP: 56/60 MP: 11/11
 10937 | D:9      | Identified the +3 pair of boots of the Gloaming {SInv} (You bought it in a shop on level 9 of the Dungeon)
 11704 | Lair:1   | Entered Level 1 of the Lair of Beasts
 12844 | Lair:1   | Reached skill level 5 in Fighting
 12866 | Lair:1   | Acquired Okawaru's second power
 13215 | Lair:2   | Noticed Harold
 13248 | Lair:2   | Killed Harold
 13631 | Lair:2   | Received a gift from Okawaru
 14991 | Lair:3   | Received a gift from Okawaru
 15007 | Lair:3   | Reached XP level 12. HP: 24/77 MP: 12/12
 15324 | Lair:3   | Reached skill level 10 in Fighting
 15404 | Lair:3   | Found a staircase to the Snake Pit.
 15491 | Lair:3   | Noticed Snorg
 15523 | Lair:3   | Killed Snorg
 16844 | Lair:4   | Reached skill level 16 in Maces & Flails
 17241 | Lair:4   | Got a pair of ichor-stained boots
 17261 | Lair:4   | Identified the +2 pair of boots of the Poles {rElec Int+3} (You found it on level 4 of the Lair of Beasts)
 17685 | Lair:4   | Noticed Rupert
 17729 | Lair:4   | Killed Rupert
 18204 | Lair:4   | Reached skill level 17 in Maces & Flails
 18226 | Lair:4   | Reached XP level 13. HP: 55/83 MP: 13/13
 18986 | Lair:5   | Received a gift from Okawaru
 18989 | Lair:5   | Got a faintly humming helmet {god gift}
 18990 | Lair:5   | Identified the +0 helmet of Focus {Str+1 Slay+3} (Okawaru gifted it to you on level 5 of the Lair of Beasts)
 19537 | Lair:5   | Found a staircase to the Shoals.
 19967 | Lair:5   | Reached skill level 18 in Maces & Flails
 21832 | Lair:6   | Gained mutation: You have a fast metabolism. [potion of mutation]
 21832 | Lair:6   | Gained mutation: You have difficulty communicating with the divine. [potion of mutation]
 21832 | Lair:6   | Gained mutation: You occasionally shout uncontrollably at your foes. [potion of mutation]
 21996 | Lair:6   | Lost mutation: You have a fast metabolism. [potion of cure mutation]
 21996 | Lair:6   | Lost mutation: You occasionally shout uncontrollably at your foes. [potion of cure mutation]
 21996 | Lair:6   | Lost mutation: You have difficulty communicating with the divine. [potion of cure mutation]
 21997 | Lair:6   | Gained mutation: You are agile. (Dex +2) [potion of mutation]
 21997 | Lair:6   | Gained mutation: You have a fast metabolism. [potion of mutation]
 21997 | Lair:6   | Gained mutation: Your mind is acute. (Int +2) [potion of mutation]
 21998 | Lair:6   | Gained mutation: Your vision is a little blurry. [potion of mutation]
 21998 | Lair:6   | Gained mutation: You are frail (-10% HP). [potion of mutation]
 21998 | Lair:6   | Gained mutation: You can translocate small distances at will. [potion of mutation]
 21999 | Lair:6   | Lost mutation: You can translocate small distances at will. [potion of cure mutation]
 21999 | Lair:6   | Lost mutation: You have a fast metabolism. [potion of cure mutation]
 21999 | Lair:6   | Lost mutation: Your vision is a little blurry. [potion of cure mutation]
 21999 | Lair:6   | Lost mutation: You are frail (-10% HP). [potion of cure mutation]
 22290 | Snake:1  | Entered Level 1 of the Snake Pit
 22459 | Snake:1  | Reached skill level 10 in Armour
 22853 | D:10     | Entered Level 10 of the Dungeon
 23779 | Orc:1    | Entered Level 1 of the Orcish Mines
 23792 | Orc:1    | Found Celot's Gadget Shop.
 23933 | Orc:2    | Received a gift from Okawaru
 23934 | Orc:2    | Got an ivory flail {god gift}
 24058 | Orc:2    | Identified the +5 flail "Alalirph" {crush, rElec rF- MR++ Str-1} (Okawaru gifted it to you on level 2 of the Orcish Mines)
 24236 | Orc:3    | Found a shimmering altar of Xom.
 24276 | Orc:3    | Noticed Erolcha
 24277 | Orc:3    | Paralysed by Erolcha for 3 turns
 24401 | Orc:2    | Found Schillecs' Assorted Antiques.
 24484 | Orc:2    | Found a flagged portal.
 24511 | Bailey   | Entered a bailey
 24776 | Bailey   | Gained mutation: Your wings are large and strong. [gargoyle growth]
 24776 | Bailey   | Reached XP level 14. HP: 57/88 MP: 14/14
 25447 | D:11     | Found Blienamu's Weapon Shop.
 25464 | D:11     | Found a stormy altar of Qazlal.
 26795 | D:12     | Found Shyfayl's Magic Scroll Emporium.
 26826 | D:12     | Reached skill level 19 in Maces & Flails
 26828 | D:12     | Bought a scroll of identify for 28 gold pieces
 26828 | D:12     | Bought a scroll of identify for 28 gold pieces
 27677 | D:13     | Received a gift from Okawaru
 27758 | D:12     | Identified 2 scrolls of acquirement
 27759 | D:12     | Got a bloodstained dire flail
 27762 | D:12     | Identified the +0 dire flail of Freehold {flame, +Rage rPois} (You acquired it on level 12 of the Dungeon)
 28288 | D:14     | Noticed Sonja
 28654 | D:12     | Bought a scroll of brand weapon for 280 gold pieces
 28658 | D:12     | Bought a scroll of acquirement for 728 gold pieces
 28711 | D:14     | Cast into the Abyss (Sonja)
 28711 | Abyss:1  | Found a corrupted altar of Lugonu.
 28882 | Abyss:1  | Noticed a revenant
 28898 | Abyss:1  | Found a corrupted altar of Lugonu.
 28966 | Abyss:1  | Noticed a tentacled starspawn
 29007 | Abyss:1  | Noticed an ophan
 29033 | Abyss:1  | Killed an ophan
 29057 | Abyss:1  | Reached skill level 20 in Maces & Flails
 29214 | Abyss:1  | Killed from afar by a starcursed mass

Action                   |  1- 3 |  4- 6 |  7- 9 | 10-12 | 13-15 || total
-------------------------+-------+-------+-------+-------+-------++-------
Melee: Flail             |   133 |   204 |    17 |       |       ||   354
       Mace              |       |       |   682 |  1933 |  1431 ||  4046
       Great mace        |       |       |       |       |   151 ||   151
Invok: Heroism           |       |       |     1 |    14 |    13 ||    28
 Abil: Fly               |       |       |       |       |     1 ||     1
  Use: Scroll            |     4 |     2 |    11 |    11 |    17 ||    45
       Potion            |       |       |     2 |     5 |    24 ||    31
